Map: Lerilak Crest

Players

MelloW (Nina)

  • Race: Protoss Protoss
  • League: Grandmaster

TYTY (TY) - Winner!

  • Race: Terran Terran
  • League: Diamond

Event: DreamHack ROCCAT LotV Championship

VOD

Have the link to the VOD?

Description

Time

  • Played on: Nov. 27, 2015, 9:24 a.m.
  • Length: 11:01

All games in this series

Show
View Real Time Build Order
Export as new Build Order

MelloW Protoss 

Build Orders: Nexus First 

Get SALT Encoding   

  12  0:01  Probe (Chrono Boost)  
  13  0:11  Probe (Chrono Boost)  
  14  0:18  Pylon  
  14  0:22  Probe (Chrono Boost)  
  15  0:37  Probe (Chrono Boost)  
  16  0:47  Probe (Chrono Boost)  
  17  0:58  Probe (Chrono Boost)  
  17  1:00  Nexus  
  18  1:08  Probe (Chrono Boost)  
  19  1:13  Gateway  
  19  1:19  Probe (Chrono Boost)  
  19  1:21  Assimilator  
  20  1:26  Assimilator  
  20  1:29  Probe (Chrono Boost)  
  21  1:36  Pylon  
  21  1:40  Probe (Chrono Boost)  
  22  1:50  Probe (Chrono Boost)  
  23  1:55  Gateway  
  23  2:00  Cybernetics Core  
  23  2:04  Probe (Chrono Boost)  
  24  2:10  Zealot (Chrono Boost)  
  24  2:12  Probe  
  27  2:16  Probe  
  28  2:24  Probe  
  28  2:41  Mothership Core (Chrono Boost)  
  29  2:49  Adept  
  31  2:53  Probe (Chrono Boost)  
  31  2:54  Adept  
  34  3:01  Probe (Chrono Boost)  
  34  3:02  Warp Gate (Chrono Boost)  
  36  3:05  Probe (Chrono Boost)  
  36  3:12  Probe (Chrono Boost)  
  37  3:18  Probe (Chrono Boost)  
  38  3:21  Robotics Facility  
  38  3:25  Probe (Chrono Boost)  
  39  3:29  Probe (Chrono Boost)  
  40  3:35  Probe (Chrono Boost)  
  40  3:36  Pylon  
  40  3:39  Probe (Chrono Boost)  
  42  3:43  Pylon  
  42  3:46  Probe (Chrono Boost)  
  43  3:48  Probe (Chrono Boost)  
  44  3:57  Probe  
  44  3:59  Probe  
  46  4:09  Immortal (Chrono Boost)  
  51  4:14  Gateway  
  50  4:20  Probe  
  45  4:34  Mothership Core  
  45  4:35  Probe  
  45  4:39  Gateway  
  45  4:44  Immortal (Chrono Boost)  
  49  4:45  Gateway  
  49  4:47  Probe  
  50  4:53  Gateway  
  50  4:54  Probe  
  50  4:59  Probe  
  52  5:02  Gateway  
  52  5:04  Probe  
  53  5:08  Sentry x2  
  53  5:11  Probe  
  58  5:15  Probe, Pylon  
  58  5:18  Pylon  
  59  5:21  Warp Prism (Chrono Boost)  
  61  5:32  Assimilator  
  61  5:34  Adept  
  61  5:35  Adept  
  66  5:37  Adept, Assimilator  
  66  5:39  Adept  
  69  5:44  Adept  
  71  5:52  Pylon  
  71  5:57  Adept x2  
  71  5:58  Adept  
  71  6:00  Observer (Chrono Boost)  
  78  6:04  Pylon  
  78  6:05  Pylon  
  78  6:23  Adept x3  
  78  6:24  Adept x3  
  64  6:56  Immortal (Chrono Boost)  
  66  7:02  Adept x4  
  74  7:08  Probe, Robotics Bay  
  74  7:11  Probe  
  74  7:12  Adept x2  
  74  7:13  Adept  
  82  7:20  Probe, Adept  
  82  7:22  Adept x2  
  89  7:23  Adept  
  89  7:24  Probe  
  92  7:40  Pylon  
  92  7:41  Adept x4  
  100  7:46  Adept  
  102  7:53  Pylon  
  102  7:54  Pylon  
  102  7:57  Disruptor (Chrono Boost)  
  105  8:16  Forge  
  105  8:19  Twilight Council  
  101  8:38  Disruptor (Chrono Boost)  
  101  8:40  Adept x3  
  101  8:41  Adept x2  
  114  8:45  Nexus  
  114  8:55  Pylon  
  114  8:57  Resonating Glaives (Chrono Boost), Pylon  
  114  9:02  Pylon  
  113  9:03  Pylon  
  113  9:05  Disruptor  
  113  9:16  Adept x2  
  120  9:20  Adept  
  122  9:38  Disruptor  
  121  9:48  Probe  
  122  9:57  Stalker x3  
  122  9:58  Stalker x2  
  132  10:01  Probe  
  128  10:10  Adept  
  128  10:20  Sentry  
  128  10:21  Sentry x2  
  132  10:31  Pylon  
Show
View Real Time Build Order
Export as new Build Order

TYTY Terran - Winner!

Build Orders: Reaper Expand, MMM Bio 

Get SALT Encoding   

  12  0:00  SCV  
  13  0:13  SCV  
  14  0:21  Supply Depot  
  14  0:25  SCV  
  15  0:43  SCV, Barracks  
  15  0:45  Refinery  
  16  0:55  SCV  
  17  1:07  SCV  
  18  1:19  SCV  
  19  1:30  Reaper  
  19  1:31  Orbital Command  
  20  1:41  Command Center  
  20  1:57  SCV  
  20  2:01  Supply Depot  
  21  2:03  Barracks Reactor  
  21  2:09  SCV  
  22  2:21  SCV  
  23  2:22  Factory  
  23  2:33  SCV  
  24  2:39  Marine x2  
  26  2:45  SCV  
  27  2:57  SCV, Marine x2  
  30  2:58  Orbital Command  
  30  3:08  Factory Tech Lab  
  30  3:09  SCV  
  31  3:15  Marine  
  32  3:21  SCV  
  32  3:25  Command Center  
  33  3:27  Cyclone  
  33  3:28  SCV  
  33  3:32  Marine x2  
  33  3:34  SCV  
  40  3:38  Refinery  
  40  3:40  SCV  
  41  3:46  Supply Depot, SCV  
  42  3:50  Marine x2  
  42  3:52  SCV  
  45  4:01  SCV  
  46  4:07  SCV  
  46  4:08  Supply Depot, Marine x2  
  49  4:13  SCV  
  52  4:19  SCV, Cyclone  
  52  4:25  SCV  
  52  4:26  Marine  
  52  4:27  Marine  
  52  4:31  SCV  
  52  4:37  SCV  
  48  4:38  Barracks  
  48  4:40  Barracks  
  48  4:43  Marine  
  48  4:44  SCV, Marine, Bunker, Orbital Command  
  51  4:49  SCV  
  51  4:51  Siege Tank  
  55  4:56  SCV  
  56  5:01  Marine  
  56  5:02  Engineering Bay, Marine  
  56  5:05  Engineering Bay  
  56  5:06  SCV, Refinery x2  
  59  5:08  SCV  
  60  5:17  Supply Depot  
  60  5:23  Siege Tank, Bunker  
  60  5:25  Marine x2  
  60  5:26  Barracks Tech Lab  
  60  5:27  SCV  
  60  5:28  SCV  
  67  5:29  Marine  
  67  5:33  Terran Infantry Weapons Level 1  
  68  5:41  Terran Infantry Armor Level 1  
  68  5:43  Marine x2  
  68  5:44  SCV x2  
  68  5:46  Marine  
  68  5:48  Supply Depot  
  73  5:52  Stimpack, Marine  
  73  5:53  Supply Depot  
  74  5:58  Bunker  
  74  5:59  Engineering Bay  
  74  6:01  Marine  
  74  6:02  Siege Tank  
  78  6:06  Marine x2  
  78  6:10  Supply Depot, Marine  
  81  6:14  Supply Depot  
  81  6:18  Marine  
  81  6:20  SCV x3  
  81  6:24  Marine  
  81  6:25  Marine  
  87  6:28  Marine  
  88  6:34  Siege Tank  
  88  6:36  Marine  
  92  6:45  Marine x2  
  92  6:46  Marine  
  87  6:49  SCV x2  
  87  6:53  SCV  
  83  6:54  Marine  
  83  7:01  SCV x2  
  85  7:05  SCV  
  85  7:07  Supply Depot  
  86  7:08  Starport  
  86  7:13  Marauder, Marine x2  
  90  7:24  Factory Reactor  
  90  7:25  Barracks x2, Marauder  
  92  7:31  Marine x2  
  92  7:41  Marauder  
  92  7:42  Combat Shields  
  94  7:46  Marine  
  94  7:48  Refinery  
  94  7:50  SCV x2  
  97  7:53  Marine x2  
  99  7:59  Refinery  
  99  8:00  Armory  
  99  8:04  Medivac  
  99  8:05  Medivac  
  105  8:06  Marine  
  105  8:07  Factory Reactor  
  105  8:09  Marauder  
  105  8:11  Marine x2  
  108  8:13  Barracks Reactor  
  108  8:15  Barracks Tech Lab  
  108  8:21  Missile Turret  
  108  8:24  Marauder  
  110  8:30  Marauder  
  110  8:34  Medivac  
  110  8:35  Medivac, Marine x2  
  116  8:43  Supply Depot x2  
  116  8:50  Orbital Command  
  116  8:51  Marine  
  117  8:58  Supply Depot  
  117  8:59  Supply Depot  
  117  9:03  Marauder x2, Widow Mine x2  
  117  9:04  Marine x3  
  117  9:09  Marauder  
  124  9:10  Viking x2  
  124  9:13  SCV  
  124  9:15  SCV  
  130  9:20  SCV  
  131  9:25  SCV, Marauder x2  
  131  9:29  Liberator  
  131  9:31  Widow Mine x2, Marauder  
  138  9:35  SCV x2  
  138  9:37  Marine  
  145  9:40  Medivac  
  145  9:42  Marine x2  
  149  9:46  Marauder  
  156  9:53  Marauder  
  156  9:56  Supply Depot  
  156  10:08  Marauder x2, Marine x4  
  164  10:16  Widow Mine  
  164  10:17  Widow Mine  
  164  10:31  Marauder x2, Marine x4  

Tags
 
Add a new tag
Caveats
  • Supply blocks, unpowered buildings, or Contaminate may cause inaccurate times.
  • Supply counts are checked every 10 seconds.